AoeStats
← RosConor

Lombardia

509730798Analyzed
4v4 RM · 6d ago on Sep 27, 2026· 53m 40s· 8 players
Game mode
Random Map
Map size
Large (8 player)
Population
200
Speed
Normal
Resources
Standard
Victory
Conquest
Starting age
Dark Age
Ending age
Imperial Age
RankedLock teamsTeams togetherTeam positionsShared explorationLock speedFull tech treeHidden civsTurbo modeCheats
Victory
Defeat
🇨🇴 Varangians · Colombia
881
+13
🇦🇷 Franks · Argentina
859
+14
🇨🇱 Celts · Chile
845
+15
🇧🇪 Berbers · Belgium
767
+19
🇺🇸 Portuguese · United States
872
-17
🇺🇸 Malay · United States
869
-17
🇲🇽 Ethiopians · Mexico
804
-15
🇺🇸 Gurjaras · United States
742
-12
Peacemaker2000
11:34 Feudal Age
11:37 Double-Bit Axe
11:47 Horse Collar
21:50 Castle Age
21:42 Forging
22:12 Heavy Plow
22:13 Gold Mining
24:08 Gold Shaft Mining
26:36 Iron Casting
27:41 Wheelbarrow
27:10 Husbandry
27:35 Loom
32:07 Imperial Age
29:44 Squires
33:03 Hand Cart
33:11 Caravan
33:37 Conscription
33:49 Pikeman
35:44 Redemption
37:48 Man-at-Arms
38:14 Arson
40:01 Town Watch
41:16 Long Swordsman
41:19 Elite Karambit Warrior
42:46 Elite Battle Elephant
47:52 Scale Barding Armor
47:19 Halberdier
52:01 Two-Handed Swordsman
dajaegbu
8:40 Loom
12:04 Feudal Age
13:02 Double-Bit Axe
14:22 Wheelbarrow
15:00 Horse Collar
18:31 Castle Age
20:50 Bow Saw
28:38 Bloodlines
31:05 Imperial Age
29:29 Scale Barding Armor
28:56 Pikeman
29:41 Husbandry
31:54 Forging
33:37 Halberdier
34:24 Gambesons
35:42 Caravan
39:11 Chain Barding Armor
39:27 Iron Casting
40:05 Scale Mail Armor
41:06 Blast Furnace
39:44 Elite Organ Gun
41:30 Conscription
48:04 Chain Mail Armor
50:33 Plate Mail Armor
dallasblack
15:16 Feudal Age
21:43 Castle Age
21:57 Double-Bit Axe
32:08 Husbandry
32:19 Horse Collar
33:52 Scale Barding Armor
33:39 Fletching
33:59 Forging
33:50 Scale Mail Armor
38:39 Kshatriyas
39:40 Padded Archer Armor
44:32 Light Cavalry
inteligenteplaya
0:53 Loom
10:52 Feudal Age
14:48 Horse Collar
14:53 Double-Bit Axe
17:23 Castle Age
15:55 Stone Mining
17:11 Gold Mining
23:31 Wheelbarrow
25:46 Bow Saw
26:12 Fervor
27:40 Crossbowman
28:27 Thumb Ring
28:30 Heavy Plow
29:13 Padded Archer Armor
29:03 Fletching
30:41 Hand Cart
31:37 Royal Heirs
32:51 Town Watch
33:54 Leather Archer Armor
33:40 Scale Mail Armor
38:19 Ballistics
37:55 Murder Holes
38:11 Masonry
38:11 Fortified Wall
38:17 Husbandry
37:39 Elite Skirmisher
38:23 Devotion
42:11 Imperial Age
39:44 Town Patrol
39:46 Caravan
39:44 Bodkin Arrow
39:53 Squires
39:38 Arson
43:16 Arbalester
44:36 Forging
44:42 Chain Mail Armor
46:25 Chemistry
Barbaricci
11:04 Feudal Age
11:32 Loom
11:33 Double-Bit Axe
13:08 Horse Collar
19:12 Castle Age
17:36 Stone Mining
19:22 Forging
19:18 Scale Barding Armor
20:44 Heavy Plow
21:44 Bow Saw
21:53 Husbandry
23:54 Bloodlines
27:21 Chain Barding Armor
29:57 Wheelbarrow
32:14 Iron Casting
34:09 Imperial Age
32:49 Hand Cart
32:41 Fletching
32:59 Squires
32:45 Arson
33:39 Caravan
34:52 Gold Mining
35:56 Scale Mail Armor
35:52 Bodkin Arrow
36:57 Conscription
39:49 Blast Furnace
38:24 Pikeman
38:25 Light Cavalry
40:31 Gothikon
41:46 Chain Mail Armor
41:31 Bracer
44:37 Plate Mail Armor
45:09 Chemistry
44:15 Siege Engineers
44:37 Elite Varangian Guard
47:44 Hussar
49:03 Plate Barding Armor
Broski
8:48 Loom
11:16 Feudal Age
12:54 Double-Bit Axe
16:06 Wheelbarrow
18:51 Castle Age
17:44 Gold Mining
23:18 Hand Cart
23:25 Gambesons
25:19 Pikeman
25:52 Arson
26:38 Bow Saw
30:40 Forging
30:30 Scale Mail Armor
33:01 Iron Casting
32:41 Chain Mail Armor
32:27 Stone Mining
37:35 Imperial Age
36:23 Horse Collar
39:16 Husbandry
39:26 Scale Barding Armor
40:53 Conscription
41:48 Fletching
43:04 Chemistry
42:26 Ballistics
42:36 Heavy Scorpion
44:59 Bodkin Arrow
45:05 Padded Archer Armor
47:14 Furor Celtica
Nidd
12:22 Feudal Age
16:16 Castle Age
20:48 Double-Bit Axe
22:39 Gold Mining
23:14 Loom
27:45 Wheelbarrow
27:23 Bow Saw
33:05 Imperial Age
31:02 Hand Cart
31:13 Husbandry
31:20 Scale Barding Armor
32:57 Town Watch
33:24 Cavalier
34:06 Chivalry
34:27 Conscription
34:16 Elite Genitour
34:33 Paladin
35:59 Caravan
36:16 Town Patrol
38:04 Chain Barding Armor
37:55 Forging
39:06 Pikeman
39:46 Squires
40:52 Iron Casting
40:07 Fletching
40:18 Padded Archer Armor
42:30 Plate Barding Armor
44:43 Blast Furnace
46:13 Treadmill Crane
47:34 Chemistry
46:41 Siege Engineers
48:01 Fletching
48:26 Leather Archer Armor
RosConor
0:31 Loom
14:40 Feudal Age
15:55 Double-Bit Axe
16:52 Horse Collar
21:05 Castle Age
19:33 Stone Mining
21:02 Gold Mining
22:15 Heavy Plow
22:59 Bow Saw
26:43 Fervor
29:53 Imperial Age
28:42 Town Watch
29:33 Wheelbarrow
30:19 Gold Shaft Mining
29:59 Caravan
30:39 Kasbah
31:32 Town Patrol
32:41 Bloodlines
34:20 Crop Rotation
33:47 Heavy Camel Rider
35:09 Conscription
35:48 Maghrebi Camels
36:12 Padded Archer Armor
36:26 Scale Barding Armor
37:42 Forging
38:28 Husbandry
38:20 Elite Camel Archer
41:37 Fletching
50:24 Iron Casting
50:39 Chain Barding Armor
52:31 Blast Furnace
51:49 Fortified Wall
51:51 Masonry
51:38 Murder Holes
51:34 Guard Tower
52:44 Plate Barding Armor
52:59 Ballistics
53:40 Chemistry
52:06 Capped Ram
53:44 Heated Shot
53:57 Scale Mail Armor
54:12 Leather Archer Armor
53:53 Bodkin Arrow
Connection lost

Rejoining the realm…

Still unreachable

The connection could not be restored.

Session expired

The server has moved on; the page needs a fresh start.